 Dungeon Crawl Stone Soup version 0.23-a0-143-g1adec7b (webtiles) character file.

553 iamserjio the Insei (level 7, -1/48 HPs)
             Began as an Octopode Summoner on Sept 2, 2018.
             Was an Initiate of Cheibriados.
             Slain by a sky beast (4 damage)
             ... on level 5 of the Dungeon.
             The game lasted 00:11:25 (6122 turns).

iamserjio the Insei (Octopode Summoner)             Turns: 6122, Time: 00:11:26

Health: -1/48      AC:  1    Str:  8    XL:     7   Next: 29%
Magic:  1/9        EV: 13    Int: 26    God:    Cheibriados [......]
Gold:   253        SH:  3    Dex: 13    Spells: 6/10 levels left

rFire    . . .     SeeInvis .     - Unarmed
rCold    . . .     Gourm    .   (no shield)
rNeg     . . .     Faith    .   v - +0 hat
rPois    .         Spirit   .   j - +3 amulet of reflection
rElec    .         Reflect  +   (no ring)
rCorr    .         Harm     .   (no ring)
MR       .....                  (no ring)
Stlth    +++.......             (no ring)
HPRegen  0.16/turn              (no ring)
MPRegen  0.11/turn              (no ring)
                                (no ring)
                                (no ring)

@: brilliant, very slow
A: almost no armour, stealthy swim, amphibious, 8 rings, constrict 8, antennae
1, camouflage 1, low mp 1, gelatinous body 1
a: Bend Time, Renounce Religion


You were on level 5 of the Dungeon.
You worshipped Cheibriados.
Cheibriados was noncommittal.
You were hungry.

You visited 2 branches of the dungeon, and saw 6 of its levels.

You collected 253 gold pieces.

Inventory:

Missiles
 c - 14 arrows
Armour
 l - a +0 shield
 v - a +0 hat (worn)
Jewellery
 j - a +3 amulet of reflection (around mantle)
Scrolls
 e - 4 scrolls of remove curse {@r2}
 f - 3 scrolls of immolation
 g - a scroll of enchant weapon
 h - 2 scrolls of fog
 k - 2 scrolls of magic mapping
 n - a scroll of teleportation {unknown}
 r - a scroll of amnesia {unknown}
 s - 2 scrolls of random uselessness {unknown}
 t - a scroll of noise {unknown}
 w - a scroll of summoning {unknown}
Potions
 d - 2 potions of degeneration
 o - a potion of haste {unknown}
 p - a potion of invisibility {unknown}
 q - a potion of brilliance
 u - a potion of might {unknown}
Comestibles
 b - 11 rations


   Skills:
 + Level 4.1 Fighting
 - Level 2.0 Dodging
 - Level 2.6 Stealth
 * Level 6.0 Unarmed Combat
 - Level 2.0 Spellcasting
 - Level 4.0 Summonings


You had 6 spell levels left.
You knew the following spells:

 Your Spells              Type           Power        Failure   Level  Hunger
a - Summon Small Mammal   Summ           ####         1%          1    None
b - Call Canine Familiar  Summ           #####...     1%          3    ###....

Your spell library contained the following spells:

 Spells                   Type           Power        Failure   Level  Hunger
 Call Imp                 Summ           #####...     1%          2    ##.....
 Summon Guardian Golem    Hex/Summ       ####....     1%          3    ###....
 Summon Ice Beast         Ice/Summ       ####....     5%          4    ####...
 Summon Lightning Spire   Summ/Air       ####....     5%          4    ####...


Dungeon Overview and Level Annotations

Branches:
Dungeon (5/15)             Temple (1/1) D:5

Altars:
Cheibriados
Hepliaklqana
Qazlal
Sif Muna
Trog
Uskayaw
Wu Jian
Zin

Annotations:
D:4 exclusion: ogre, Ijyb


Innate Abilities, Weirdness & Mutations

You cannot wear most types of armour.
You are very stealthy in the water. (Stealth+)
You are amphibious.
You can wear up to eight rings at the same time.
You can use your tentacles to constrict eight enemies at once.
Your skin changes colour to match your surroundings (Stealth+).
Your rubbery body absorbs attacks. (AC +1, EV +1)
You have a pair of small antennae on your head.
Your magical capacity is low. (-10% MP)


Message History

The sky beast shocks you.
You completely miss the sky beast.
The sky beast is heavily wounded.
Your hound bites the sky beast.
You block the sky beast's attack.
You closely miss the sky beast.
The sky beast is heavily wounded.
Your hound misses the sky beast.
The sky beast flickers out of sight!
Deactivating autopickup; reactivate with Ctrl-A.
Something hits you. Something shocks you.
* * * LOW HITPOINT WARNING * * *
Your hound misses something. You miss something.
Your hound barely misses something.
Something hits you.
* * * LOW HITPOINT WARNING * * *
Something shocks you.
* * * LOW HITPOINT WARNING * * *
Okay, then.
You miss something.
Your hound splashes around in the water.
You closely miss something.
Your hound bites something.
Something hits you.
You die...

#..# #.# ##
#..#####.#
#.. #..#....#
#.. ##...##..
#..##
##..######
##.†## ##..##
#.#h.###.(#.#
##{#..#..#.##
#@#.#...#.#.#
#############


You could see a friendly hound.

Vanquished Creatures
  A sky beast (D:5)
  A scorpion (D:5)
  A centaur zombie (D:5)
  A hound (D:5)
  3 orc wizards (D:4)
  4 worker ants
  A worker ant zombie (D:5)
  2 adders
  A shadow imp (D:5)
  An ooze (D:5)
  An adder zombie (D:4)
  2 dart slugs
  2 leopard geckos
  10 orcs
  3 giant cockroaches
  16 goblins
  7 hobgoblins
  11 jackals
  A kobold (D:3)
  A quokka (D:3)
  3 ball pythons
  6 bats
  5 frilled lizards
  9 rats
93 creatures vanquished.

Vanquished Creatures (collateral kills)
  A hound (D:5)
  2 orc wizards
  A hound zombie (D:4)
  Robin (D:3)
  An adder (D:5)
  A worm (D:3)
  2 orcs
  A goblin (D:1)
  3 hobgoblins
  A quokka (D:3)
  A leopard gecko skeleton (D:4)
15 creatures vanquished.

Grand Total: 108 creatures vanquished

Notes
Turn   | Place    | Note
-------+----------+-------------------------------------------
     0 | D:1      | iamserjio the Octopode Summoner began the quest for the
                  | Orb.
     0 | D:1      | Reached XP level 1. HP: 11/11 MP: 3/3
   524 | D:1      | Reached skill level 1 in Unarmed Combat
   525 | D:1      | Reached XP level 2. HP: 18/18 MP: 1/5
   713 | D:1      | Reached skill level 1 in Fighting
   963 | D:1      | Reached skill level 2 in Unarmed Combat
   963 | D:1      | Reached XP level 3. HP: 20/23 MP: 6/6
  1348 | D:2      | Learned a level 3 spell: Call Canine Familiar
  2056 | D:3      | Reached XP level 4. HP: 15/29 MP: 4/7
  2057 | D:3      | Reached skill level 3 in Unarmed Combat
  2394 | D:3      | Noticed Robin
  2533 | D:3      | Killed Robin
  2691 | D:3      | Found a stormy altar of Qazlal.
  3110 | D:4      | Reached XP level 5. HP: 13/35 MP: 4/8
  3422 | D:4      | Noticed Ijyb
  3462 | D:4      | Noticed an ogre
  3563 | D:4      | Reached skill level 4 in Unarmed Combat
  4105 | D:4      | Reached XP level 6. HP: 28/42 MP: 2/9
  4403 | D:4      | Found a bloodstained altar of Trog.
  4772 | D:5      | Entered Level 5 of the Dungeon
  4794 | D:5      | Reached skill level 5 in Unarmed Combat
  5159 | D:5      | Noticed a sky beast
  5204 | D:5      | Killed a sky beast
  5457 | D:5      | Found a staircase to the Ecumenical Temple.
  5571 | Temple   | Entered the Ecumenical Temple
  5799 | Temple   | Became a worshipper of Cheibriados the Contemplative
  5840 | D:5      | Reached XP level 7. HP: 40/47 MP: 10/10
  6020 | D:5      | Found a hide-covered altar of Uskayaw.
  6088 | D:5      | Reached skill level 6 in Unarmed Combat
  6113 | D:5      | Gained mutation: Your magical capacity is low. (-10% MP)
                  | [potion of mutation]
  6113 | D:5      | Gained mutation: You have a pair of small antennae on your
                  | head. [potion of mutation]
  6120 | D:5      | HP: 2/48 [something (6)]
  6122 | D:5      | Slain by a sky beast

Vault maps used:
D:1:      roderic_chinese_lattice_arrival
D:2:      first_ration
D:3:      lemuel_doored_altar, grunt_ministairs_3, uniq_robin
D:4:      trog_three_pillars_becter, uniq_ijyb
D:5:      minmay_diamond_boxcup, minmay_temple_entry_junction, basic_altar,
          minmay_crystal_room
Temple:   minmay_crystal_snake_temple

Skill      XL: |  1  2  3  4  5  6  7 |
---------------+----------------------+-----
Unarmed Combat | 1 2 3 4 5 6 |  6.0
Fighting       | 1 2 3 4 |  4.1
Dodging        | |  2.0
Stealth        | |  2.6
Spellcasting   | |  2.0
Summonings     | |  4.0

Action                   |  1- 3 |  4- 6 |  7- 9 || total
-------------------------+-------+-------+-------++-------
Melee: Unarmed           |   102 |   169 |    25 ||   296
       Tentacles         |    17 |    21 |     3 ||    41
       Constrict         |    29 |    39 |     2 ||    70
       Punch             |     1 |     1 |     1 ||     3
 Cast: Summon Small Mamm |     9 |     1 |       ||    10
       Call Canine Famil |     2 |    12 |     4 ||    18
  Use: Potion            |       |     4 |     5 ||     9
       Scroll            |       |     7 |       ||     7
 Stab: Sleeping          |     6 |    10 |     1 ||    17
       Distracted        |       |     1 |       ||     1
  Eat: Chunk             |     4 |    13 |     1 ||    18
Armor: Skin              |     9 |     5 |       ||    14
Dodge: Dodged            |    63 |    84 |    12 ||   159
Block: Other             |       |     6 |     2 ||     8
       Reflection        |       |     1 |       ||     1

Table legend:
 A = Non-vault XP
 B = Vault XP
 C = Vault XP percentage of total XP
 D = Non-vault monster count
 E = Vault monster count
 F = Vault count percentage of total count
                 A         B        C        D         E       F
            +---------+---------+-------+---------+---------+-------
      Total |     594 |     197 |  24.9 |      87 |      21 |  19.4
            +---------+---------+-------+---------+---------+-------
        D:1 |      36 |       0 |   0.0 |      21 |       0 |   0.0
        D:2 |      36 |       4 |  10.0 |      16 |       2 |  11.1
        D:3 |      54 |      31 |  36.5 |      19 |      12 |  38.7
        D:4 |     250 |       0 |   0.0 |      17 |       0 |   0.0
        D:5 |     218 |     162 |  42.6 |      14 |       7 |  33.3
            +---------+---------+-------+---------+---------+-------
